 Dungeon Crawl Stone Soup version 0.31-a0-988-g08d55dae12 (webtiles) character file.

Game seed: 15389561187027341066

403289 Turgor the Metamorph (level 22, -6/254 HPs)
             Began as a Purple Draconian Shapeshifter on Nov 2, 2023.
             Was the Champion of Wu Jian.
             Killed from afar by Vv (14 damage)
             ... by creeping frost
             ... on level 3 of the Depths on Nov 4, 2023.
             The game lasted 05:29:17 (47685 turns).

Turgor the Metamorph (DrSh)                        Turns: 47685, Time: 05:29:17

Health: -6/254     AC: 35    Str: 27    XL:     22   Next: 32%
Magic:  31/31      EV: 22    Int: 15    God:    Wu Jian [******]
Gold:   1461       SH:  0    Dex: 17    Spells: 2/33 levels left

rFire   + .          .
                       - Unarmed
rCold   . . .        (no shield)
rNeg    + . .        (body armour unavailable)
rPois   ∞            V - +2 hood of the Assassin {Detect Stab+ Stlth++}
rElec   +            x - +0 cloak of Sebymp {Will+ Str+4}
rCorr   .            N - melded +2 pair of gloves {Dex+3}
SInv    .            b - melded +2 pair of boots of the Shining One's Whim {rC+ Str+4 SInv}
Will    ++++.        C - amulet of regeneration
Stlth   ++++         O - ring "Feddapul" {Fire Str+6}
HPRegen 1.42/turn    k - ring of protection from cold
MPRegen 0.22/turn

%: no passive effects
@: statue-form, slowed, studying Maces & Flails, very slow
A: slow and powerful, torment resistance 1, boosted hp, (breathe power), AC +11,
unfitting armour, cold-blooded
}: 2/15 runes: decaying, gossamer
a: Begin Untransformation, Renounce Religion, Wall Jump, Serpent's Lash,
Heavenly Storm


You were on level 3 of the Depths.
You worshipped Wu Jian.
Wu Jian was exalted by your worship.
You were a living statue of rough stone.
You visited 8 branches of the dungeon, and saw 40 of its levels.
You visited 1 bazaar.
You also visited: Gauntlet and Ice Cave.

You collected 7391 gold pieces.
You spent 5930 gold pieces at shops.

Inventory:

Armour
 a - the +1 cloak of Inviolability {Int+5}
   (You found it on level 3 of the Elven Halls)

   Int+5:     It affects your intelligence (+5).
 b - the +2 pair of boots of the Shining One's Whim (melded) {rC+ Str+4 SInv}
   (You bought it in a shop in a bazaar)

   Str+4:     It affects your strength (+4).
   rC+:       It protects you from cold.
   SInv:      It lets you see invisible.
 n - the +2 hat "Sanwisiy" {+Blink MP+9 Dex+4}
   (You found it in a Gauntlet)

   Dex+4:     It affects your dexterity (+4).
   MP+9:      It affects your magic capacity (+9).
   +Blink:    It lets you blink.
 x - the +0 cloak of Sebymp (worn) {Will+ Str+4}
   (You found it on level 14 of the Dungeon)

   Str+4:     It affects your strength (+4).
   Will+:     It increases your willpower.
 H - a +2 cloak
 N - a +2 pair of gloves of dexterity (melded)
 V - the +2 hood of the Assassin (worn) {Detect Stab+ Stlth++}
   (You found it on level 4 of the Spider Nest)

   Detect:    It allows the wearer to sense nearby creatures.
   Stab+:     It allows the wearer to make particularly effective stabbing
   attacks against helpless or unaware enemies with any weapon.
   Stlth++:   It makes you much more stealthy.
Jewellery
 k - a ring of protection from cold (right fist)
 m - a +4 ring of protection
 o - a +5 ring of evasion
 w - the ring "Poeblo Wuxa" {Wiz rC- rCorr Int+4 Slay+3}
   (You found it on level 14 of the Dungeon)

   [ring of wizardry]

   Wiz:       It improves your spell success rate.
   Int+4:     It affects your intelligence (+4).
   Slay+3:    It affects your accuracy & damage with ranged weapons and melee
   (+3).
   rC-:       It makes you vulnerable to cold.
   rCorr:     It protects you from acid and corrosion.
 z - a ring of protection from fire
 C - an amulet of regeneration (around neck)
 O - the ring "Feddapul" (left fist) {Fire Str+6}
   (You found it on level 3 of the Dungeon)

   [ring of fire]

   Fire:      It enhances your fire magic.
   Str+6:     It affects your strength (+6).
   rF+:       It protects you from fire.
   rC-:       It makes you vulnerable to cold.
Talismans
 t - a storm talisman
 L - a granite talisman (active)
 Y - the dragon-blood talisman "Toblok" {rElec rF- Int+3}
   (You bought it in a shop on level 4 of the Dungeon)

   [dragon-blood talisman]

   Int+3:     It affects your intelligence (+3).
   rF-:       It makes you vulnerable to fire.
   rElec:     It insulates you from electricity.
Wands
 d - a wand of flame (14)
 e - a wand of polymorph (34)
 f - a wand of mindburst (7)
 y - a wand of digging (3)
 G - a wand of light (12)
 I - a wand of charming (62)
 P - a wand of roots (22)
Scrolls
 i - 2 scrolls of blinking
 j - 2 scrolls of revelation
 p - 15 scrolls of teleportation
 v - 4 scrolls of fear
 B - 8 scrolls of amnesia
 E - a scroll of poison
 M - 4 scrolls of butterflies
 Q - 6 scrolls of vulnerability
 U - 3 scrolls of silence
 X - 7 scrolls of immolation
 Z - 4 scrolls of fog
Potions
 c - 3 potions of magic
 g - 3 potions of curing
 h - 7 potions of ambrosia
 l - 5 potions of mutation
 q - 3 potions of brilliance
 r - 9 potions of attraction
 u - 4 potions of enlightenment
 A - 6 potions of cancellation
 D - 3 potions of might
 J - 2 potions of invisibility
 R - a potion of berserk rage
 T - 5 potions of haste
 W - 8 potions of heal wounds
Miscellaneous
 s - a phantom mirror
 F - a sack of spiders
 S - a condenser vane (inert)


   Skills:
 + Level 16.3 Fighting
 + Level 16.0 Dodging
 * Level 2.1 Stealth
 + Level 16.4 Unarmed Combat
 - Level 6.0 Spellcasting
 * Level 6.6 Conjurations
 - Level 9.0 Translocations
 * Level 9.9 Transmutations
 * Level 9.8 Fire Magic
 - Level 6.0 Air Magic
 + Level 10.5 Poison Magic
 - Level 9.0 Evocations
 + Level 20.2 Shapeshifting


You had 2 spell levels left.
You knew the following spells:

 Your Spells              Type           Power      Damage    Failure   Level
a - Manifold Assault      Tloc           31%        N/A       3%          4
b - Blink                 Tloc           62%        N/A       1%          2
c - Mephitic Cloud        Conj/Pois/Air  27%        N/A       1%          3
d - Ignition              Fire           25%        3d8       100%        8
e - Fireball              Conj/Fire      21%        3d10      14%         5
i - Ignite Poison         Fire/Tmut/Pois 51%        N/A       1%          3
v - Poisonous Vapours     Pois/Air       58%        N/A       1%          2
z - Olgreb's Toxic Radia  Pois           36%        N/A       1%          4

Your spell library contained the following spells:

 Spells                   Type           Power      Damage    Failure   Level
 Apportation              Tloc           62%        N/A       1%          1
 Magic Dart               Conj           96%        1d7       1%          1
 Lesser Beckoning         Tloc           62%        N/A       1%          2
 Momentum Strike          Conj/Tloc      56%        3d9       1%          2
 Static Discharge         Conj/Air       46%        3-5/arc   1%          2
 Cigotuvi's Dreadful Rot  Necr/Pois/Air  42%        N/A       2%          2
 Passwall                 Tmut/Erth      15%        N/A       3%          2
 Necrotise                Necr           16%        1d4       14%         1
 Sandblast                Erth           8%         2d5       14%         1
 Summon Small Mammal      Summ           16%        N/A       14%         1
 Call Imp                 Summ           8%         N/A       22%         2
 Gell's Gravitas          Tloc           31%        N/A       1%          3
 Teleport Other           Tloc           31%        N/A       1%          3
 Flame Wave               Conj/Fire      43%        2d11      4%          4
 Sticky Flame             Conj/Fire      43%        2d6       4%          4
 Inner Flame              Hex/Fire       28%        N/A       6%          3
 Iskenderun's Mystic Bla  Conj/Tloc      28%        2d7       6%          4
 Alistair's Intoxication  Tmut/Pois      23%        N/A       6%          5
 Dazzling Flash           Conj/Hex       28%        N/A       11%         3
 Hailstorm                Conj/Ice       14%        3d5       11%         3
 Airstrike                Air            11%        2d(2-18)  12%         4
 Irradiate                Conj/Tmut      14%        3d16      14%         5
 Petrify                  Tmut/Erth      19%        N/A       19%         4
 Dimensional Bullseye     Hex/Tloc       9%         N/A       22%         4
 Iskenderun's Battlesphe  Conj           24%        2d8       26%         5
 Eringya's Noxious Bog    Tmut/Pois      17%        4d6       34%         6
 Brom's Barrelling Bould  Conj/Erth      14%        2d4       36%         4
 Summon Lightning Spire   Summ/Air       13%        N/A       38%         4
 Call Canine Familiar     Summ           4%         N/A       41%         3
 Frozen Ramparts          Ice            8%         1d2       41%         3
 Summon Guardian Golem    Hex/Summ       4%         N/A       41%         3
 Tukima's Dance           Hex            4%         N/A       41%         3
 Yara's Violent Unravell  Hex/Tmut       9%         3d6       47%         5
 Dispersal                Tloc           15%        N/A       50%         6
 Freezing Cloud           Conj/Ice/Air   8%         6-21      58%         5
 Silence                  Hex/Air        6%         N/A       75%         5
 Animate Dead             Necr           4%         N/A       82%         4
 Dispel Undead            Necr           4%         3d7       82%         4
 Summon Ice Beast         Ice/Summ       4%         N/A       82%         4
 Conjure Ball Lightning   Conj/Air       11%        3x3d6     86%         6
 Agony                    Necr           4%         N/A       99%         5
 Borgnjor's Vile Clutch   Necr/Erth      2%         N/A       99%         5
 Lee's Rapid Deconstruct  Erth           2%         3d4*      99%         5
 Metabolic Englaciation   Hex/Ice        2%         N/A       99%         5
 Bombard                  Conj/Erth      7%         9d2       99%         6
 Death Channel            Necr           2%         N/A       100%        6
 Simulacrum               Ice/Necr       2%         N/A       100%        6
 Enfeeble                 Hex            2%         N/A       100%        7
 Monstrous Menagerie      Summ           2%         N/A       100%        7
 Orb of Destruction       Conj           12%        9d7       100%        7
 Spellforged Servitor     Conj/Summ      7%         N/A       100%        7
 Discord                  Hex            2%         N/A       100%        8
 Lehudib's Crystal Spear  Conj/Erth      7%         10d3      100%        8
 Shatter                  Erth           2%         3d6*      100%        9
 Sublimation of Blood     Necr           Unusable   N/A       N/A         2
 Animate Armour           Summ/Erth      Unusable   N/A       N/A         4

Dungeon Overview and Level Annotations

Branches:
Dungeon (15/15)            Temple (0/1) D:7            Lair (5/5) D:8
  Swamp (4/4) Lair:2       Spider (4/4) Lair:2        Slime (0/5) Lair:5
    Orc (2/2) D:12            Elf (3/3) Orc:2        Vaults (4/5) D:13
  Crypt (0/3) Vaults:3     Depths (3/4) D:15          IceCv (visited)
Gauntlet (visited)

Altars:
Cheibriados
Fedhas
Gozag
Hepliaklqana
Kikubaaqudgha
Okawaru
Qazlal
Sif Muna
Uskayaw
Wu Jian
Xom
Yredelemnul
Zin
The Shining One

Shops:
D:4 =   D:5 *   D:6 (:   D:14 *:   Orc:1 *   Orc:2 ??:(   Depths:2 :=:

Portals:
Hell: Depths:1 Depths:2
Abyss: Depths:3
Pandemonium: Orc:2 Depths:1 Depths:2
Ziggurat: Depths:3

Annotations:
Vaults:2 2 transporters
Vaults:4 Bai Suzhen
Depths:3 Vv


Innate Abilities, Weirdness & Mutations

You are a living statue of rough stone.
Your actions are slow, but your melee attacks are powerful.
You are resistant to unholy torment.
Your maximum health is greatly increased.
Your equipment is partially melded.
((You can breathe bolts of dispelling energy.))
((Your rich purple scales are hard. (AC +11)))
You cannot fit into any form of body armour.
You are immune to poison.
You are cold-blooded and may be slowed by cold attacks.


Message History

The fire dragon closely misses you.
You squash the fire dragon like an ant!!!
You kill the fire dragon!
The Council accepts your kill.
The fire dragon scales are intact enough to wear.
No target in view!
Vv the Exile comes into view.
Vv is nearby!
Vv calls freezing cold from the walls.
The frost grips you!!
You are encased in ice.
You lunge at Vv, in a flurry of attacks.
You closely miss Vv. You pummel Vv like a punching bag!!!
You tail-slap Vv, but do no damage.
Vv is lightly damaged.
Vv hits you but does no damage. Vv closely misses you. Vv hits you.
Vv freezes you!!!
You feel yourself slow down. Vv hits you!
You are engulfed in flames!
You resist.
Unknown command.
You hit Vv but do no damage. You tail-slap Vv, but do no damage.
Vv is lightly damaged.
The ice encasing you melts away. Vv barely misses you.
Vv hits you but does no damage.
You barely miss Vv.
Vv is lightly damaged.
You feel yourself speed up. Vv hits you. Vv freezes you!!!
You feel yourself slow down. Vv hits you!
You are engulfed in flames!
You resist. Vv hits you. Vv freezes you!!!
You feel as though you will be slow longer.
* * * LOW HITPOINT WARNING * * *
Vv hits you.
* * * LOW HITPOINT WARNING * * *
You are engulfed in flames!!
You resist.
* * * LOW HITPOINT WARNING * * *
Blink to where?
Press: ? - help, Dir - move target
As you read the scroll of blinking, it crumbles to dust.
Vv calls freezing cold from the walls.
The frost grips you!
You die...

...##... . .. #######....
## . .# #8...8#.... #...#
.# #.....#.... ##....##.
#.....#.... #....#...
#.....#....
......######.....##### #
...##...#8.............8
#. #....8#..........†...?
#.###.....#..>............
#...##...#...........)...
#....[...#8.............8
#.......######.....#####
##......#### #.....###..
#...####..###.....##...
##.9........#.....#....
#..........#8...8##...


You could see Vv.

Vanquished Creatures
  Mennas (Vaults:3)
  A juggernaut (Depths:2)
  A caustic shrike (Depths:2)
  Saint Roka (Depths:2)
  The ghost of Nitziur the Eclecticist, an adept DrCj of Vehumet (Vaults:1)
  Arachne (Spider:3)
  A walking crystal tome (Depths:2)
  2 tentacled monstrosities (Depths:2)
  2 liches
  A titan (Vaults:3)
  3 sphinxes
  A deep elf master archer (Elf:3)
  2 deep elf blademasters
  A quicksilver dragon (Depths:2)
  2 thorn hunters (Swamp:4)
  Kirke (Swamp:1)
  A shadow dragon (Depths:3)
  A fenstrider witch (Swamp:2)
  Roxanne (D:14)
  3 fire giants
  5 emperor scorpions
  9 deep elf sorcerers
  11 vault wardens
  6 frost giants
  3 deep elf elementalists (Elf:3)
  An iron dragon (Depths:2)
  6 spectral caustic shrikes (Depths:1)
  5 ghost moths
  12 very ugly things
  A reaper (Depths:1)
  A spriggan defender (Depths:2)
  3 war gargoyles
  5 stone giants
  6 ironbound preservers
  The ghost of Anay the Bludgeoner, a journeyman FoFi of Zin (D:14)
  3 vampire knights
  A formless jellyfish (Vaults:1)
  A broodmother (Spider:1)
  4 ironbound thunderhulks
  Azrael (Elf:2)
  8 eleionomae
  3 bunyips
  7 deep elf demonologists
  16 dire elephants
  4 minotaurs
  6 deep elf annihilators (Elf:3)
  A white draconian (IceCv)
  6 spark wasps
  5 deep elf death magi
  3 crystal guardians
  Snorg (D:14)
  2 shambling mangroves
  7 entropy weavers
  5 ettins
  A blizzard demon (Depths:2)
  10 fire dragons
  5 yaktaur captains
  3 jiangshi (Depths:2)
  3 great orbs of eyes
  6 deep elf high priests
  3 rakshasas
  18 hydras
  4 ice dragons
  Fannar (D:10)
  6 peacekeepers
  4 ghost crabs
  14 vault guards
  3 radroaches
  8 centaur warriors
  6 ironbound frosthearts (Vaults:3)
  2 spriggan air magi (Depths:2)
  7 alligators
  8 catoblepae
  27 dancing weapons
  7 two-headed ogres
  5 deep troll shamans
  2 jorogumos
  10 death yaks
  2 demonspawn (Orc:2)
  5 demonic crawlers
  7 boulder beetles
  7 deep troll earth magi
  7 tengu warriors
  3 vampire magi
  An occultist (D:15)
  3 spriggan berserkers
  5 orc high priests (Orc:2)
  2 soul eaters
  7 hell knights (Depths:2)
  5 skeletal warriors (D:14)
  21 deep elf knights
  3 sun demons
  4 pharaoh ants
  4 goliath frogs
  A salamander mystic (Depths:2)
  A sixfirhy (Depths:2)
  2 skysharks
  3 death drakes
  A sun moth (Spider:3)
  5 spriggan druids
  An iron troll (Depths:2)
  A flayed ghost (Depths:3)
  20 deep elf archers
  32 deep trolls
  10 ironbound convokers
  Pikel (D:5)
  12 swamp dragons
  8 orb spiders
  13 arcanists
  2 bog bodies
  5 harpies
  9 steelbarb worms
  A phantasmal warrior (Vaults:3)
  8 lindwurms
  5 orc knights
  19 deep elf zephyrmancers
  An oklob plant (Lair:1)
  6 necromancers
  33 ugly things
  26 deep elf pyromancers
  A stone giant zombie (Vaults:1)
  6 orc sorcerers (Orc:2)
  15 wolf spiders
  4 manticores
  7 cyclopes
  3 salamanders (Depths:2)
  3 moths of wrath
  12 elephants
  A will-o-the-wisp (Swamp:3)
  4 black mambas
  4 torpor snails
  2 ice statues (IceCv)
  13 vault sentinels
  2 gargoyles (D:11)
  An orange demon (Orc:2)
  An unseen horror (D:13)
  7 komodo dragons
  12 cane toads
  6 rime drakes
  A kobold demonologist (D:9)
  A tormentor (Depths:1)
  3 tengu conjurers
  26 yaktaurs
  3 meliai (D:14)
  An ice devil (Orc:2)
  5 trolls
  A queen bee (D:14)
  A troll (shapeshifter) (D:15)
  2 bloated husks
  8 tyrant leeches
  2 polar bears
  A red devil (Orc:2)
  Grinder (D:5)
  25 hornets
  26 tarantellas
  7 blink frogs
  7 dream sheep
  A glass eye (Depths:2)
  24 jumping spiders
  31 slime creatures
  11 flying skulls (Gauntlet)
  4 wyverns
  16 culicivoras
  13 spriggans
  A ynoxinul (Depths:1)
  17 water elementals
  49 yaks
  5 fire elementals
  2 wraiths
  2 hogs (Swamp:1)
  19 humans
  17 vampire mosquitoes
  An elf skeleton (Vaults:1)
  A steam dragon (D:7)
  4 basilisks
  51 redbacks
  Menkaure (D:5)
  A death yak simulacrum (D:13)
  4 acid dragons
  A swamp worm (shapeshifter) (Depths:3)
  4 wargs
  16 swamp worms
  2 hell hounds (Elf:2)
  Duvessa (D:7)
  9 water moccasins
  Pargi (D:3)
  35 orc warriors
  2 black bears
  8 swamp drakes
  A sky beast (D:8)
  6 ogres
  9 wolves
  The ghost of Dirtsage the Chopper, an amateur DsFi (D:3)
  4 centaurs
  3 lemures (D:5)
  2 human skeletons (Vaults:1)
  A phantom (D:5)
  A kobold brigand (D:7)
  11 bullfrogs
  2 two-headed ogre simulacra (D:13)
  A scorpion (D:4)
  4 wights (D:9)
  3 earth elementals
  32 killer bees
  3 lindwurm simulacra (IceCv)
  9 howler monkeys
  2 electric eels
  10 hounds
  A gnoll bouda (D:4)
  4 komodo dragon simulacra (IceCv)
  9 jellies
  Crazy Yiuf (D:7)
  30 orc priests
  A water moccasin simulacrum (D:3)
  2 hell rats (Lair:3)
  A sleepcap (D:4)
  Terence (D:2)
  7 iguanas
  19 orc wizards
  2 troll simulacra (D:13)
  A wolf simulacrum (D:13)
  2 scorpion simulacra (D:3)
  Robin (D:3)
  7 adders
  10 gnolls
  8 acid dragon simulacra (IceCv)
  2 naga simulacra (D:13)
  8 river rats (Lair:3)
  A hound simulacrum (D:3)
  A shadow imp (Gauntlet)
  6 white imps
  2 ufetubi (D:7)
  6 steam dragon simulacra (IceCv)
  A worm (D:3)
  4 dart slugs
  81 orcs
  6 bats
  6 endoplasms
  4 giant cockroaches
  18 goblins
  8 hobgoblins
  7 jackals
  10 quokkas
  5 ball pythons
  6 frilled lizards
  11 kobolds
  8 rats
1654 creatures vanquished.

Vanquished Creatures (collateral kills)
  A deep elf elementalist (Elf:3)
  A vault warden (Vaults:3)
  An eleionoma (Swamp:3)
  2 vault guards (Vaults:1)
  A spriggan berserker (Swamp:3)
  An ironbound convoker (Vaults:1)
  A deep elf zephyrmancer (Elf:3)
  Maurice (D:12)
  An unseen horror (D:12)
  A troll (D:12)
  3 hell hounds (Elf:2)
  A swamp drake (Swamp:3)
15 creatures vanquished.

Vanquished Creatures (others)
  A vault warden (Vaults:1)
  An angel (D:4)
  A bunyip (Swamp:4)
  A deep elf annihilator (Elf:3)
  A deep elf pyromancer (Vaults:3)
  2 bloated husks
  A human (Swamp:1)
  A dart slug (D:4)
9 creatures vanquished.

Grand Total: 1678 creatures vanquished

Notes
Turn   | Place    | Note
-------+----------+-------------------------------------------
     0 | D:1      | Turgor the Draconian Shapeshifter began the quest for the
                  | Orb.
     0 | D:1      | Reached XP level 1. HP: 16/16 MP: 1/1
   233 | D:1      | Reached XP level 2. HP: 23/23 MP: 2/2
   514 | D:2      | Noticed Terence
   519 | D:2      | Killed Terence
   520 | D:2      | Reached XP level 3. HP: 29/29 MP: 3/3
   761 | D:2      | Reached XP level 4. HP: 23/36 MP: 4/4
  1569 | D:3      | Reached skill level 4 in Shapeshifting
  1573 | D:3      | Noticed Robin
  1580 | D:3      | Killed Robin
  1626 | D:3      | Found a basalt altar of Yredelemnul.
  1653 | D:3      | Reached XP level 5. HP: 42/42 MP: 5/5
  1900 | D:3      | Noticed an ogre
  2091 | D:3      | Noticed Dirtsage's ghost (amateur DsFi)
  2239 | D:3      | Found a runed translucent gate.
  2239 | D:3      | Found a runed translucent gate.
  2239 | D:3      | Found a runed translucent gate.
  2331 | D:3      | Found a faded altar of an unknown god.
  2451 | D:3      | Found an ornate altar of the Wu Jian Council.
  2457 | D:3      | Became a worshipper of the Wu Jian Council
  2503 | D:3      | Noticed Pargi
  2517 | D:3      | Killed Pargi
  2518 | D:3      | Reached XP level 6. HP: 46/51 MP: 6/6
  2754 | D:4      | Found a shimmering altar of Xom.
  2755 | D:4      | Found a glowing silver altar of Zin.
  2755 | D:4      | Noticed an angel
  2975 | D:4      | Found Gohempoick's Jewellery Boutique.
  2984 | D:4      | Identified the +9 spear of Moim {flame, rElec rN+}
  3032 | D:4      | Reached skill level 5 in Shapeshifting
  3233 | D:4      | Reached * piety under Wu Jian
  3249 | D:4      | Your scales start taking on a rich purple colour.
  3249 | D:4      | Reached XP level 7. HP: 55/58 MP: 7/7
  3656 | D:4      | Killed an angel
  3733 | D:5      | Entered Level 5 of the Dungeon
  3799 | D:5      | Noticed Grinder
  3800 | D:5      | Paralysed by Grinder for 4 turns
  3813 | D:5      | Killed Grinder
  3814 | D:5      | Reached skill level 5 in Unarmed Combat
  3814 | D:5      | Reached skill level 6 in Shapeshifting
  3928 | D:5      | Reached XP level 8. HP: 67/67 MP: 8/8
  3958 | D:5      | Reached ** piety under Wu Jian
  3961 | D:5      | Found Pod Lasi's General Store.
  4006 | D:5      | Bought a scroll of identify for 26 gold pieces
  4211 | D:5      | Noticed Pikel
  4298 | D:5      | Noticed Menkaure
  4306 | D:5      | Killed Pikel
  4307 | D:5      | Reached skill level 5 in Fighting
  4307 | D:5      | Reached skill level 7 in Shapeshifting
  4308 | D:5      | Killed Menkaure
  4762 | D:5      | Reached skill level 5 in Dodging
  4777 | D:6      | Reached XP level 9. HP: 63/75 MP: 9/9
  4830 | D:6      | Learned a level 3 spell: Mephitic Cloud
  4859 | D:6      | Found a transporter.
  4859 | D:6      | Found Iroik's Weapon Boutique.
  4962 | D:6      | Found Xidghoz's Book Emporium.
  5120 | D:6      | Paralysed by a hornet for 3 turns
  5467 | D:6      | Reached skill level 8 in Shapeshifting
  5469 | D:6      | Found a transporter.
  5831 | D:6      | Paralysed by a hornet for 3 turns
  6107 | D:7      | Noticed Dowan
  6139 | D:6      | Reached *** piety under Wu Jian
  6187 | D:7      | Noticed a two-headed ogre
  6192 | D:7      | Found a hazy altar of Hepliaklqana.
  6192 | D:7      | Found an ancient bone altar of Kikubaaqudgha.
  6331 | D:7      | Found an opulent altar of Gozag.
  6455 | D:7      | Found a runed translucent door.
  6456 | D:7      | Noticed Crazy Yiuf
  6485 | D:7      | Noticed Duvessa
  6498 | D:7      | Killed a two-headed ogre
  6499 | D:7      | Reached skill level 9 in Shapeshifting
  6502 | D:7      | Killed Duvessa
  6503 | D:7      | Reached XP level 10. HP: 31/86 MP: 10/10
  6917 | D:7      | Found a staircase to the Ecumenical Temple.
  6978 | D:7      | Dowan changed into Dowan the iguana
  6978 | D:7      | Noticed Dowan
  6983 | D:7      | Killed Dowan the iguana
  7048 | D:7      | Found a shimmering blue altar of Sif Muna.
  7255 | D:7      | Killed Crazy Yiuf
  7349 | D:8      | Found a stormy altar of Qazlal.
  7682 | D:8      | Found a glowing golden altar of the Shining One.
  7807 | D:8      | Found a staircase to the Lair.
  8034 | D:9      | Reached **** piety under Wu Jian
  8200 | D:9      | Noticed a two-headed ogre
  8237 | D:9      | Killed a two-headed ogre
  8238 | D:9      | Reached skill level 10 in Shapeshifting
  8476 | D:9      | Found an iron altar of Okawaru.
  8479 | D:9      | Noticed a rust devil
  8789 | D:10     | Entered Level 10 of the Dungeon
  8804 | D:10     | Noticed a two-headed ogre
  8826 | D:10     | Killed a two-headed ogre
  8827 | D:10     | Reached XP level 11. HP: 77/95 MP: 11/11
  8912 | D:10     | Noticed Fannar
  8926 | D:10     | Killed Fannar
  9609 | D:11     | Reached skill level 11 in Shapeshifting
  9913 | D:11     | Noticed a two-headed ogre
  9931 | D:11     | Killed a two-headed ogre
  9931 | D:11     | Reached ***** piety under Wu Jian
  9954 | D:11     | Reached skill level 1 in Conjurations
  9954 | D:11     | Reached skill level 1 in Air Magic
  9954 | D:11     | Reached skill level 1 in Poison Magic
 10043 | D:11     | Reached skill level 1 in Spellcasting
 10061 | D:11     | Identified a scroll of acquirement
 10095 | D:11     | Identified the +0 pair of gloves of Sin {rN+}
 10109 | D:11     | Noticed a two-headed ogre
 10120 | D:11     | Killed a two-headed ogre
 10186 | D:12     | Noticed a boulder beetle
 10254 | D:14     | Identified the "Vetwy"
 10254 | Lair:1   | Entered Level 1 of the Lair of Beasts
 10487 | Lair:1   | Reached XP level 12. HP: 91/105 MP: 14/14
 10560 | Lair:1   | Noticed a death yak
 10561 | Lair:1   | Noticed a death yak
 10570 | Lair:1   | Noticed a death yak
 10570 | Lair:1   | Noticed a death yak
 10571 | Lair:1   | Noticed a death yak
 10727 | Gauntlet | Identified the "Luocemne"
 10727 | Gauntlet | Identified the "Zywytaf"
 10727 | Gauntlet | Identified the of Cafoip
 10727 | Lair:2   | Found a snail-covered altar of Cheibriados.
 10740 | Lair:2   | Acquired 700 gold pieces
 10864 | Lair:2   | Noticed an eight-headed hydra
 10875 | Lair:2   | Killed an eight-headed hydra
 10903 | Lair:2   | Found a gate leading to a gauntlet.
 10923 | Gauntlet | Entered a Gauntlet
 10923 | Gauntlet | Found a transporter.
 10923 | Gauntlet | Found a transporter.
 10923 | Gauntlet | Found a runed translucent gate.
 10945 | Gauntlet | Upgraded the game from 0.31-a0-983-g7b6862f502 to
                  | 0.31-a0-986-g5e6e4ef867
 10948 | Gauntlet | Found a runed translucent gate.
 10949 | Gauntlet | Found a transporter.
 10949 | Gauntlet | Found a transporter.
 10950 | Gauntlet | Found a runed translucent gate.
 10980 | Gauntlet | Found a transporter.
 11018 | Gauntlet | Found a transporter.
 11022 | Gauntlet | Found a transporter.
 11065 | Gauntlet | Found a transporter.
 11068 | Gauntlet | Found a transporter.
 11068 | Gauntlet | Found a transporter.
 11084 | Gauntlet | Found a transporter.
 11099 | Gauntlet | Found a transporter.
 11106 | Gauntlet | Noticed a hell hog
 11109 | Gauntlet | Found a transporter.
 11123 | Gauntlet | Found a transporter.
 11337 | Gauntlet | Identified the +2 hat "Sanwisiy" {+Blink MP+9 Dex+4}
 11363 | Gauntlet | Noticed a minotaur
 11381 | Gauntlet | Killed a minotaur
 11382 | Gauntlet | Reached skill level 10 in Fighting
 11604 | Lair:2   | Found a hole to the Spider Nest.
 11609 | Lair:2   | Reached skill level 1 in Evocations
 12025 | Lair:1   | Killed a death yak
 12297 | Lair:1   | Killed a death yak
 12352 | Lair:1   | Killed a death yak
 12353 | Lair:1   | Reached skill level 5 in Conjurations
 12353 | Lair:1   | Reached skill level 5 in Air Magic
 12407 | Lair:1   | Killed a death yak
 12408 | Lair:1   | Reached XP level 13. HP: 104/113 MP: 18/18
 12419 | Lair:1   | Reached skill level 5 in Poison Magic
 12739 | Lair:2   | Found a staircase to the Swamp.
 14631 | Lair:4   | Reached skill level 10 in Unarmed Combat
 15027 | Lair:4   | Reached skill level 5 in Evocations
 15027 | Lair:4   | Reached skill level 12 in Shapeshifting
 15154 | Lair:5   | Identified the of Oritri
 15154 | Lair:5   | Entered Level 5 of the Lair of Beasts
 15341 | Lair:5   | Found a staircase to the Slime Pits.
 16076 | Lair:5   | Reached XP level 14. HP: 117/122 MP: 21/21
 16221 | Lair:5   | Reached ****** piety under Wu Jian
 16712 | D:3      | Killed Dirtsage's ghost
 16717 | D:3      | Identified the ring "Feddapul" {Fire Str+6}
 17324 | D:12     | Found a staircase to the Orcish Mines.
 17535 | D:12     | Noticed Maurice
 17546 | D:12     | Killed Maurice
 18196 | D:13     | Found a frozen archway.
 18299 | IceCv    | Entered an ice cave
 19247 | IceCv    | Identified the ring of Symmetry {Ice rElec rCorr}
 19663 | D:13     | Reached skill level 10 in Dodging
 19955 | D:13     | Found a gate to the Vaults.
 20312 | Orc:1    | Entered Level 1 of the Orcish Mines
 20397 | Orc:1    | Found Kuocut's Gadget Gallery.
 20710 | Orc:2    | Entered Level 2 of the Orcish Mines
 21194 | Orc:2    | Found a staircase to the Elven Halls.
 21598 | Orc:2    | Reached XP level 15. HP: 133/133 MP: 22/22
 21612 | Orc:2    | Reached skill level 13 in Shapeshifting
 21612 | Orc:2    | Found Mauhoutz's Magic Scroll Emporium.
 21615 | Orc:2    | Found Ryag's Magic Scroll Shoppe.
 21759 | Orc:2    | Bought a scroll of immolation for 64 gold pieces
 21759 | Orc:2    | Bought a scroll of enchant armour for 120 gold pieces
 21762 | Orc:2    | Bought a scroll of acquirement for 884 gold pieces
 21762 | Orc:2    | Bought a scroll of fog for 68 gold pieces
 21762 | Orc:2    | Bought a scroll of blinking for 127 gold pieces
 22394 | Orc:2    | Found Upleh's Antique Weapon Boutique.
 22394 | Orc:2    | Found a one-way gate leading to the halls of Pandemonium.
 22394 | Orc:2    | Found Vaggih Juatt's Book Shop.
 22420 | Orc:2    | Acquired 911 gold pieces
 22646 | D:4      | Bought the dragon-blood talisman "Toblok" {rElec rF- Int+3}
                  | for 1599 gold pieces
 22843 | D:14     | Found Jegh's Assorted Antiques.
 22857 | D:14     | Noticed Snorg
 22861 | D:14     | Killed Snorg
 22941 | D:14     | Found Iplej Yrr's Book Boutique.
 22947 | D:14     | Bought an Inescapable Atlas for 256 gold pieces
 22951 | D:14     | Learned a level 3 spell: Ignite Poison
 22954 | D:14     | Learned a level 2 spell: Blink
 22959 | D:14     | Learned a level 4 spell: Manifold Assault
 23005 | D:14     | Noticed Anay's ghost (journeyman FoFi)
 23015 | D:14     | Found a transporter.
 23070 | D:14     | Found a transporter.
 23580 | D:14     | Noticed Roxanne
 23653 | D:14     | Found a hazy altar of Hepliaklqana.
 23941 | D:15     | Entered Level 15 of the Dungeon
 24322 | D:15     | Reached skill level 14 in Shapeshifting
 24620 | D:15     | Found a staircase to the Depths.
 24749 | D:15     | Identified the +7 great mace of the Curious Lovers {venom,
                  | rPois}
 25153 | Swamp:1  | Entered Level 1 of the Swamp
 25299 | Swamp:1  | Noticed Kirke
 25305 | Swamp:1  | Noticed a sphinx
 25313 | Swamp:1  | Killed Kirke
 25314 | Swamp:1  | Reached XP level 16. HP: 143/143 MP: 23/23
 25497 | Swamp:1  | Reached skill level 15 in Shapeshifting
 26988 | Swamp:3  | Reached skill level 16 in Shapeshifting
 27232 | Swamp:3  | Reached skill level 1 in Transmutations
 27232 | Swamp:3  | Reached skill level 1 in Fire Magic
 27485 | Swamp:4  | Entered Level 4 of the Swamp
 27704 | Swamp:4  | Reached skill level 5 in Spellcasting
 28171 | Swamp:4  | Noticed a thorn hunter
 28179 | Swamp:4  | Killed a thorn hunter
 28196 | Swamp:4  | Noticed a thorn hunter
 28204 | Swamp:4  | Reached XP level 17. HP: 93/150 MP: 25/25
 28512 | Swamp:4  | Got a decaying rune of Zot
 28718 | Spider:1 | Entered Level 1 of the Spider Nest
 29655 | Spider:2 | Reached skill level 5 in Fire Magic
 29658 | Spider:2 | Reached skill level 5 in Transmutations
 29898 | Spider:2 | Gained mutation: You are vulnerable to heat. (rF-)
                  | [mutagenic glow]
 29965 | Spider:2 | Lost mutation: You are vulnerable to heat. (rF-) [potion of
                  | mutation]
 29965 | Spider:2 | Gained mutation: You are dopey. (Int -2) [potion of
                  | mutation]
 29965 | Spider:2 | Lost mutation: You are dopey. (Int -2) [potion of mutation]
 30752 | Spider:3 | Noticed Arachne
 31122 | Spider:3 | Reached skill level 1 in Translocations
 31233 | Spider:3 | Killed Arachne
 31490 | Spider:3 | Upgraded the game from 0.31-a0-986-g5e6e4ef867 to
                  | 0.31-a0-988-g08d55dae12
 31658 | Spider:4 | Entered Level 4 of the Spider Nest
 32028 | Spider:4 | Identified the +5 leather armour of the Jolly Curses
                  | {Rampage Int+2}
 32397 | Spider:4 | Reached XP level 18. HP: 160/160 MP: 27/27
 32713 | Spider:4 | Found the +2 hood of the Assassin {Detect Stab+ Stlth++}
 32739 | Spider:4 | Reached skill level 17 in Shapeshifting
 32778 | Spider:4 | Got a gossamer rune of Zot
 33198 | Vaults:1 | Identified the "Sueteust"
 33198 | Vaults:1 | Entered Level 1 of the Vaults
 33325 | Vaults:1 | Reached skill level 5 in Translocations
 33632 | Vaults:1 | Reached skill level 15 in Unarmed Combat
 33776 | Vaults:1 | Found a runed translucent gate.
 33776 | Vaults:1 | Found a runed translucent gate.
 33776 | Vaults:1 | Found a runed translucent gate.
 33778 | Vaults:1 | Noticed Nitziur's ghost (adept DrCj)
 34805 | Vaults:1 | Killed Nitziur's ghost
 34818 | Vaults:1 | Learned a level 4 spell: Olgreb's Toxic Radiance
 34821 | Vaults:1 | Learned a level 2 spell: Poisonous Vapours
 35072 | Vaults:2 | Reached XP level 19. HP: 169/169 MP: 17/28
 35622 | Vaults:2 | Reached skill level 15 in Fighting
 35904 | Vaults:2 | Found a transporter.
 35922 | Vaults:2 | Found a transporter.
 35954 | Vaults:2 | Identified the +0 scale mail of Fun and Games {rPois Int+3}
 36559 | Vaults:3 | Reached skill level 18 in Shapeshifting
 37736 | Vaults:3 | Found a staircase to the Crypt.
 37894 | Vaults:3 | Paralysed by a sphinx for 2 turns
 38167 | Vaults:3 | Reached XP level 20. HP: 166/179 MP: 29/29
 38535 | Vaults:4 | Noticed Mennas
 38617 | Vaults:3 | Killed Mennas
 38631 | Vaults:4 | Noticed Bai Suzhen
 38837 | Orc:1    | Bought a phantom mirror for 560 gold pieces
 38903 | Crypt:3  | Identified the "Rowio"
 38903 | Crypt:3  | Identified the "Xuqetoge"
 38903 | Crypt:3  | Identified the "Mept"
 38903 | Depths:2 | Identified the "Ivaess"
 38903 | Elf:1    | Entered Level 1 of the Elven Halls
 38948 | Elf:1    | Found a flickering gateway to a bazaar.
 38966 | Bazaar   | Entered a bazaar
 38966 | Bazaar   | Found Zielamo's Armour Emporium.
 38966 | Bazaar   | Found Peulotte's Antique Weapon Shoppe.
 38966 | Bazaar   | Found Ikuola Irae's Weapon Emporium.
 38968 | Bazaar   | Found Zofuh's Antique Armour Shoppe.
 38988 | Bazaar   | Bought the +2 pair of boots of the Shining One's Whim {rC+
                  | Str+4 SInv} for 328 gold pieces
 39831 | Elf:2    | Identified the of Eqiojiewky
 40041 | Elf:2    | Found a runed translucent gate.
 40042 | Elf:2    | Found a runed translucent gate.
 40042 | Elf:2    | Found a runed translucent gate.
 40272 | Elf:2    | Reached skill level 19 in Shapeshifting
 40517 | Elf:2    | Noticed Azrael
 40535 | Elf:2    | Killed Azrael
 41182 | Elf:3    | Identified the of Nuvo
 41182 | Elf:3    | Entered Level 3 of the Elven Halls
 41702 | Elf:3    | Identified the amulet "Xatuh" {Faith *Slow rC+ Int+3}
 42057 | Elf:3    | Identified the +10 scimitar of the Warrior {vamp, rCorr
                  | Str+3 Int-4}
 42066 | Elf:3    | Reached XP level 21. HP: 188/188 MP: 8/30
 42072 | Elf:3    | Identified the +0 leather armour of Watchfulness {Slay+5
                  | SInv}
 42080 | Elf:3    | Reached skill level 15 in Dodging
 42326 | Elf:3    | Identified the +1 cloak of Inviolability {Int+5}
 42386 | Elf:3    | Identified the +2 war axe "Cimaemn" {freeze, rF- Int+4}
 43030 | Depths:1 | Entered Level 1 of the Depths
 43309 | Depths:1 | Found a gateway to Hell.
 43751 | Depths:1 | Found a blossoming altar of Fedhas.
 44835 | Depths:2 | Reached skill level 10 in Poison Magic
 44991 | Depths:2 | Noticed Saint Roka
 45001 | Depths:2 | Killed Saint Roka
 45037 | Depths:2 | Noticed a juggernaut
 45049 | Depths:2 | Killed a juggernaut
 45148 | Depths:2 | Reached skill level 20 in Shapeshifting
 45285 | Depths:2 | Identified the +0 helmet "Tomext" {*Corrode rPois rC+
                  | Int+3}
 45442 | Depths:2 | Noticed a caustic shrike
 45447 | Depths:2 | Killed a caustic shrike
 45756 | Depths:2 | Found a hide-covered altar of Uskayaw.
 46125 | Depths:2 | Reached XP level 22. HP: 195/195 MP: 19/31
 46222 | Depths:2 | Found Uwis's Book Shoppe.
 46222 | Depths:2 | Found Tenolewk's Jewellery Boutique.
 46223 | Depths:2 | Found Tithewk's Book Shoppe.
 46236 | Depths:2 | Bought the Unrestrained Analects for 874 gold pieces
 46374 | D:14     | Bought a book of the Spheres for 1024 gold pieces
 46383 | D:14     | Learned a level 8 spell: Ignition
 46389 | D:14     | Learned a level 5 spell: Fireball
 46429 | D:14     | Killed Anay's ghost
 46447 | D:14     | Identified the ring "Poeblo Wuxa" {Wiz rC- rCorr Int+4
                  | Slay+3}
 46454 | D:14     | Identified the +0 cloak of Sebymp {Will+ Str+4}
 46456 | D:14     | Identified the +11 quarterstaff of Luelaas {flame, rF+}
 46538 | D:14     | Killed Roxanne
 47079 | Depths:2 | Reached skill level 1 in Stealth
 47326 | Depths:3 | Found a one-way gate to the infinite horrors of the Abyss.
 47484 | Depths:3 | Found a one-way gateway to a ziggurat.
 47679 | Depths:3 | Noticed Vv
 47684 | Depths:3 | HP: 5/254 [Vv (20)]
 47685 | Depths:3 | Killed from afar by Vv

Illustrated notes

Levels and vault maps discovered:
D:1:      psy_arrival_spokes, layout_rooms
D:2:      layout_basic, chequers_serial_rivers_large_a, uniq_terence
D:3:      layout_loops_corners, mainiacjoe_overflow_chevrons,
          nzn_wu_jian_council_hall, gammafunk_ghost_icy,
          shapermc_ecumenical_altar_mp_urbaneastern, minmay_quadrilaterals,
          uniq_robin, uniq_pargi
D:4:      minmay_chambers_of_threes, layout_loops_ring,
          grunt_temple_overflow_order_and_chaos_1, serial_shops,
          nicolae_shop_gaudy_bauble
D:5:      layout_cave_pools, serial_shops, shop, uniq_grinder, uniq_pikel,
          uniq_menkaure
D:6:      layout_loops_cross, serial_shops, nicolae_shop_drivethru,
          nicolae_shop_competitors_out_of_business
D:7:      layout_loops_ring, led_sif_pool, overflow_temple_1_default,
          mainiacjoe_overflow_catwalk_spiral, minmay_temple_entry_glass,
          uniq_crazy_yiuf_cottage, uniq_duvessa
D:8:      layout_gridville, grunt_qazlal_sundering,
          mainiacjoe_overflow_cross_hatched, erik_lair_island,
          nicolae_concentric_dashed_squares_mild, kennysheep_pointless_box
D:9:      layout_loops_cross, old_standard_altar
D:10:     layout_loops_ring, uniq_fannar
D:11:     layout_roguey
D:12:     layout_loops_corners, erik_orc_3, serial_rivers,
          chequers_serial_rivers_micro_c, chequers_serial_rivers_micro_d,
          chequers_serial_rivers_small_3, chequers_serial_rivers_large_b,
          uniq_maurice
D:13:     layout_loops_ring, grunt_vaults_entry_tiered,
          portal_ice_cave_entry_ice_simulacra
D:14:     layout_loops_ring, special_room [special_room_bee],
          nzn_hepliaklqana_mist_gate, serial_shops,
          nicolae_shop_tiny_waterfront, shop, gammafunk_ghost_berserking_beasts,
          uniq_roxanne, uniq_snorg
D:15:     grunt_enter_depths_hoard, layout_gridville,
          chequers_serial_rivers_small_b
Lair:1:   layout_cave_pods
Lair:2:   layout_long_grid, swamp_mist_pool, spider_nest_entry_webs,
          basic_altar, gauntlet_entry_generic, lemuel_fruit_tree
Lair:3:   layout_roguey, kennysheep_rathole, infiniplex_staircase_pool,
          grunt_megastairs_4
Lair:4:   layout_layer_cave, beast_lair_carwin_11
Lair:5:   evilmike_catoblepas_cave, layout_small_grid, slime_entry_2,
          patterned_corridor
Swamp:1:  layout_falls_marsh, hangedman_swamp_lotus,
          infiniplex_staircase_pool_2, uniq_kirke
Swamp:2:  layout_basic_swamp, evilmike_swamp_ruin_house_2, swamp_pool_3
Swamp:3:  layout_basic_swamp, hangedman_swamp_cone
Swamp:4:  swamp_basic_johnstein, layout_basic_swamp
Spider:1: layout_spider_delve
Spider:2: layout_spider_delve
Spider:3: layout_spider_delve, uniq_arachne
Spider:4: spider_rune_water, spiders_nest_spider_trap
Orc:1:    layout_caves, nicolae_shop_gadgets
Orc:2:    pf_orc_diabolical, layout_caves, david_defended_altar_orc
Elf:1:    minmay_elf_arrival_circle, layout_loops_cross, serial_shops,
          bzr_entry_customers, minivault_28
Elf:2:    nicolae_elf_blades_crystal_corner, layout_gridlike, uniq_azrael
Elf:3:    minmay_elf_hall_spiked, layout_geoelf_grid
Vaults:1: ebering_ghost_rock_garden, v_misc_28, ontoclasm_vaults_ligature,
          v_misc_9, hangedman_vaults_locks, nicolae_vaults_wrenched,
          vaults_standard_mumra_lines, vaults_room_grid,
          nicolae_vaults_stepped_doors, vaults_dpeg_emergency_exit,
          layout_vaults_omnicross
Vaults:2: nicolae_vaults_alarming, nicolae_vaults_more_shelving_1,
          nicolae_vaults_tangram_2, ontoclasm_vaults_gateway,
          nicolae_vaults_three_branches, nicolae_vaults_trapezoid_2,
          v_pattern_1, gammafunk_the_bubble [the_bubble_gammafunk_grid],
          grunt_vaults_hallway_long, hangedman_vaults_impose, v_misc_5,
          v_misc_12, nicolae_vaults_double_plus_1, nicolae_vaults_octothorpe,
          layout_vaults_maze_bifur
Vaults:3: minmay_crypt_entry_simple_box, v_misc_5, nicolae_vaults_mitosis,
          vaults_room_corners, v_misc_30, nicolae_vaults_doubleplus_tesselated,
          vaults_dpeg_ring, v_misc_8, nicolae_vaults_border_crossing,
          nicolae_vaults_tangram_2, dpeg_vaults_hating_casters,
          nicolae_vaults_apartment_1, layout_vaults_omnigrid
Vaults:4: grunt_vaults_diagonal, nicolae_vaults_tetromino_L_1,
          nicolae_vaults_tetromino_L_1, nicolae_vaults_little_squares_2,
          nicolae_vaults_door_testing_chamber, nicolae_vaults_wine_cellar,
          grunt_vaults_hallway_long, nicolae_vaults_tangram_1,
          grunt_vaults_twisty, hangedman_vaults_stitches,
          nicolae_vaults_variable_pillar_hall, layout_vaults_omnibox,
          uniq_mennas, uniq_bai_suzhen
Depths:1: layout_basic, minmay_misc_feat_secret_circle, serial_curves,
          eino_curves_01, eino_curves_03, eino_curves_02,
          rand_demon_pan_entry_1, pf_hell_entry_tar_river, fedhas_altar_3
Depths:2: regret_index_uskayaw_diablada_macabre, layout_gridlike,
          rand_demon_pan_entry_4, hangedman_abyss_or_decor_passed, hell_entry,
          minmay_swirly_circle, minmay_shop_grove,
          infiniplex_staircase_pillars_1, uniq_saint_roka
Depths:3: minmay_bad_star, layout_honeycomb, enter_ziggurat_f, abyss_entry,
          okawaru_ov_weapons_minmay, hell_entry,
          minmay_staircase_statues_hall_large, uniq_vv

Skill      XL: |  1  2  3  4  5  6  7  8  9 10 11 12 13 14 15 16 17 18 19 20 21 22 |
---------------+-------------------------------------------------------------------+-----
Dodging        | 2 3 4 5 6 7 8 9 10 11 12 13 14 15 16 | 16.0
Fighting       | 2 3 4 5 7 8 9 10 12 13 14 15 16 | 16.3
Shapeshifting  | 4 5 6 7 9 10 11 12 14 16 17 18 19 20 | 20.2
Unarmed Combat | 4 5 6 7 8 9 10 11 13 14 15 16 | 16.4
Conjurations   | 2 5 6 |  6.6
Air Magic      | 2 5 6 |  6.0
Poison Magic   | 2 4 6 9 10 | 10.5
Spellcasting   | 1 3 4 5 6 |  6.0
Evocations     | 2 6 9 |  9.0
Transmutations | 3 6 9 |  9.9
Fire Magic     | 3 6 9 |  9.8
Translocations | 3 7 9 |  9.0
Stealth        | 2 |  2.1

Action                     |  1- 3 |  4- 6 |  7- 9 | 10-12 | 13-15 | 16-18 | 19-21 | 22-24 || total
---------------------------+-------+-------+-------+-------+-------+-------+-------+-------++-------
  Melee: Unarmed           |    59 |   169 |   147 |   751 |  1769 |  1182 |  1031 |   128 ||  5236
         Tailslap          |     2 |    23 |    37 |   171 |   349 |   202 |   185 |    27 ||   996
         Punch             |     2 |     4 |     2 |       |    21 |    95 |    96 |     7 ||   227
         Spear             |       |    31 |   104 |       |       |       |       |       ||   135
         Bite              |       |       |       |       |    31 |   158 |   143 |    10 ||   342
  Throw: Dart              |       |     3 |       |       |       |       |       |       ||     3
   Cast: Mephitic Cloud    |       |       |       |     4 |     4 |     1 |       |       ||     9
         Blink             |       |       |       |       |       |     2 |       |       ||     2
         Olgreb's Toxic Ra |       |       |       |       |       |     4 |    72 |    13 ||    89
         Ignite Poison     |       |       |       |       |       |     1 |    37 |     7 ||    45
         Manifold Assault  |       |       |       |       |       |       |    11 |     2 ||    13
 Invoke: Serpent's Lash    |       |       |       |     1 |     4 |     9 |     9 |     2 ||    25
         Heavenly Storm    |       |       |       |       |       |     3 |     3 |       ||     6
Ability: Lunge             |       |     9 |    16 |    34 |    67 |    81 |    88 |    14 ||   309
         Breathe Dispellin |       |       |     1 |     4 |     8 |     9 |     6 |       ||    28
         Whirlwind         |       |       |       |    37 |   164 |   155 |   103 |    10 ||   469
         Wall Jump         |       |       |       |     6 |    40 |     6 |     1 |       ||    53
  Evoke: Wand              |       |       |       |    17 |     2 |    14 |     8 |     2 ||    43
         Sack of spiders   |       |       |       |       |     1 |     1 |     3 |       ||     5
         Condenser vane    |       |       |       |       |       |     2 |     5 |     1 ||     8
         Phantom mirror    |       |       |       |       |       |       |     2 |       ||     2
    Use: Potion            |     1 |       |     3 |     4 |       |    10 |    14 |     3 ||    35
         Scroll            |       |     4 |    10 |    12 |     9 |     8 |     6 |     1 ||    50
   Stab: Sleeping          |       |     1 |       |       |       |     2 |     1 |     5 ||     9
         Invisible         |       |       |       |     5 |       |     4 |       |       ||     9
         Confused          |       |       |       |     1 |     2 |     2 |       |       ||     5
         Petrified         |       |       |       |       |    15 |       |       |     2 ||    17
         Petrifying        |       |       |       |       |     2 |       |       |       ||     2
         Distracted        |       |       |       |       |       |       |     1 |       ||     1
 Armour: Skin              |    33 |    76 |    85 |   315 |   551 |   849 |   607 |   116 ||  2632
  Dodge: Dodged            |    23 |   115 |   200 |   631 |  1144 |   778 |   586 |   106 ||  3583
   Form: Flux              |       |       |     1 |       |     1 |       |       |       ||     2
                           |       |       |       |       |     1 |       |       |       ||     1
         Dragon            |       |       |       |       |     1 |       |     1 |       ||     2
         Blade             |       |       |       |       |       |       |     1 |       ||     1
         Statue            |       |       |       |       |       |       |       |     1 ||     1

Table legend: (Time is in decaauts)
 A = Elapsed time spent in this place.
 B = Non-inter-level travel time spent in this place.
 C = Inter-level travel time spent in this place.
 D = Time resting spent in this place.
 E = Time spent auto-exploring this place.
 F = Levels seen in this place.
 G = Mean time per level.
                   A        B        C        D        E       F      G
               +--------+--------+--------+--------+--------+-----+--------+
         Total |  47473 |  42819 |   4654 |   5172 |  23835 |  43 | 1104.0 |
       Dungeon |  17047 |  14448 |   2599 |   1169 |   9020 |  15 | 1136.5 |
          Lair |   5716 |   5293 |    423 |    378 |   3055 |   5 | 1143.2 |
         Swamp |   3447 |   3272 |    175 |    468 |   1974 |   4 |  861.8 |
   Spider Nest |   4149 |   3728 |    421 |    795 |   1679 |   4 | 1037.2 |
  Orcish Mines |   2218 |   1987 |    231 |    169 |    679 |   2 | 1109.0 |
   Elven Halls |   3645 |   3447 |    198 |    435 |   1831 |   3 | 1215.0 |
        Vaults |   5374 |   5082 |    292 |   1081 |   2677 |   4 | 1343.5 |
        Depths |   4310 |   3996 |    314 |    268 |   2847 |   3 | 1436.7 |
        Bazaar |     31 |     31 |      0 |      0 |      0 |   1 |   31.0 |
      Ice Cave |   1020 |   1020 |      0 |    351 |     71 |   1 | 1020.0 |
      Gauntlet |    511 |    511 |      0 |     56 |      0 |   1 |  511.0 |
               +--------+--------+--------+--------+--------+-----+--------+

Top non-repeatable levels by time:
Vaults:3: 2193 daAuts
Depths:2: 2178 daAuts
    D:12: 1756 daAuts
   Orc:2: 1715 daAuts
Vaults:1: 1682 daAuts
Depths:1: 1606 daAuts
Spider:2: 1502 daAuts
Vaults:2: 1494 daAuts
     D:6: 1479 daAuts
    D:14: 1427 daAuts
   Elf:2: 1424 daAuts
  Lair:1: 1417 daAuts
     D:3: 1332 daAuts
   Elf:3: 1311 daAuts
  Lair:5: 1260 daAuts
